 Dungeon Crawl Stone Soup version 0.28.0 (webtiles) character file.

Game seed: 12058013017256650395

1100141 iguanaiguana the Ruinous (level 27, -7/239 HPs)
             Began as a Demigod Hedge Wizard on Feb 13, 2022.
             Mangled by a death scarab (11 damage)
             ... summoned by a royal mummy
             ... on level 3 of the Tomb of the Ancients on Feb 16, 2022.
             The game lasted 13:12:34 (140515 turns).

iguanaiguana the Ruinous (Demigod Hedge Wizard)   Turns: 140515, Time: 13:12:35

Health: -7/239     AC: 38    Str: 19    XL:     27
Magic:  23/52      EV: 14    Int: 54    God:
Gold:   6821       SH: 11    Dex: 17    Spells: 2/56 levels left

rFire   + + +      SeeInvis +   a - +3 Elemental Staff {rElec rF++ rC++ AC+5}
rCold   + + +      Faith    .   T - +3 buckler "Noried" {rF++}
rNeg    + + +      Spirit   .   Q - +3 scale mail "Ucuarab" {rC+ Regen+ Int+3}
rPois   ∞          Reflect  .   z - +2 helmet {SInv}
rElec   +          Harm     .   I - +2 cloak {Will+}
rCorr   .          Rampage  .   g - +2 pair of gloves of the Desert {Contam rC+ Regen+}
Will    +++++                   d - +2 pair of boots of Pragmatism {Dex+4}
Stlth   +.........              y - amulet of magic regeneration
HPRegen 2.09/turn               b - ring "Sock" {Wiz Int+4 SInv}
MPRegen 0.73/turn               m - ring of Vampiric Thralls {rN+ Will+ Int+3}

@: lich-form, marked, slowed, studying 4 skills, very slow
A: draining attack, torment immunity, no potions, high MP 2, forlorn, divine
attributes, MP-powered wands
}: 10/15 runes: barnacled, slimy, silver, icy, demonic, glowing, magical, fiery,
dark, gossamer
a: End Transformation


You were on level 3 of the Tomb of the Ancients.
You were an undead lich.
You visited 14 branches of the dungeon, and saw 67 of its levels.
You visited Pandemonium 2 times, and saw 15 of its levels.
You visited the Abyss 1 time.
You visited 1 bazaar.
You visited 1 ziggurat, and saw 19 of its levels.
You also visited: Ice Cave, Wizlab and Desolation.

You collected 11592 gold pieces.
You spent 4771 gold pieces at shops.

Inventory:

Hand Weapons
 a - the +3 Elemental Staff (weapon) {rElec rF++ rC++ AC+5}
   (You acquired it on level 1 of the Vaults)

   If the wielder is skilled in Evocations, they can discharge powerful blasts
   of elemental energy when striking with it.
   It enhances your fire, ice, earth and air magic.
   AC:        It affects your AC (+5).
   rF:        It greatly protects you from fire.
   rC:        It greatly protects you from cold.
   rElec:     It insulates you from electricity.
Missiles
 j - 5 curare-tipped darts
 w - 22 silver javelins
 S - 13 throwing nets
Armour
 d - the +2 pair of boots of Pragmatism (worn) {Dex+4}
   (You bought it in a shop on level 4 of the Depths)

   Dex:       It affects your dexterity (+4).
 g - the +2 pair of gloves of the Desert (worn) {Contam rC+ Regen+}
   (You found it in the Desolation of Salt)

   rC:        It protects you from cold.
   Contam:    It causes magical contamination when unequipped.
   Regen:     It increases your rate of health regeneration.
 o - a +0 cloak of preservation
 z - a +2 helmet of see invisible (worn)
 I - a +2 cloak of willpower (worn)
 Q - the +3 scale mail "Ucuarab" (worn) {rC+ Regen+ Int+3}
   (You found it in Pandemonium)

   Int:       It affects your intelligence (+3).
   rC:        It protects you from cold.
   Regen:     It increases your rate of health regeneration.
 T - the +3 buckler "Noried" (worn) {rF++}
   (You found it on level 5 of the Pits of Slime)

   rF:        It greatly protects you from fire.
Jewellery
 b - the ring "Sock" (left hand) {Wiz Int+4 SInv}
   (You found it in Pandemonium)

   [ring of wizardry]

   It improves your spell success rate.
   Int:       It affects your intelligence (+4).
   SInv:      It lets you see invisible.
 l - the ring of Bulobe {*Slow rElec rPois rC- Will+ rCorr}
   (You found it in the Desolation of Salt)

   [ring of willpower]

   rC:        It makes you vulnerable to cold.
   rElec:     It insulates you from electricity.
   rPois:     It protects you from poison.
   rCorr:     It protects you from acid and corrosion.
   *Slow:     It may slow you when you take damage.
   Will:      It increases your willpower.
 m - the ring of Vampiric Thralls (right hand) {rN+ Will+ Int+3}
   (You found it in the Desolation of Salt)

   [ring of positive energy]

   Int:       It affects your intelligence (+3).
   rN:        It protects you from negative energy.
   Will:      It increases your willpower.
 q - the ring of Ixkon {Will+ MP-9 Dex+8 SInv Stlth+}
   (You found it on level 1 of the Tomb of the Ancients)

   [ring of willpower]

   Dex:       It affects your dexterity (+8).
   MP:        It affects your magic capacity (-9).
   SInv:      It lets you see invisible.
   Will:      It increases your willpower.
   Stlth:     It makes you more stealthy.
 y - an amulet of magic regeneration (around neck)
 A - the ring "Olizol" {AC+4 Int+3 Dex+3}
   (You found it in the Desolation of Salt)

   [ring of protection]

   AC:        It affects your AC (+4).
   Int:       It affects your intelligence (+3).
   Dex:       It affects your dexterity (+3).
 M - a ring of flight
Wands
 r - a wand of iceblast (16) {@v2}
 L - a wand of paralysis (2)
 V - a wand of digging (2) {@v3}
 Y - a wand of acid (19) {@v1}
Scrolls
 c - 2 scrolls of amnesia
 f - 4 scrolls of magic mapping {@r5}
 v - 7 scrolls of blinking {@r4}
 x - 4 scrolls of summoning
 B - 6 scrolls of fear
 D - 4 scrolls of holy word
 F - 11 scrolls of immolation
 G - 8 scrolls of silence
 H - 15 scrolls of teleportation {@r3}
 X - 13 scrolls of fog
Potions
 h - 12 potions of haste {@q4}
 i - 21 potions of curing {@q1}
 k - 12 potions of mutation
 p - 3 potions of flight
 u - a potion of brilliance
 C - 8 potions of might {@q3}
 E - 5 potions of cancellation
 K - 6 potions of heal wounds {@q2}
 N - 6 potions of invisibility
 O - 9 potions of ambrosia
 U - 2 potions of berserk rage
 Z - 4 potions of resistance {@q5}
Miscellaneous
 e - a lightning rod (4/4)
 n - a phantom mirror
 P - a condenser vane
 W - a box of beasts


   Skills:
 - Level 18.2 Fighting
 - Level 6.2 Short Blades
 - Level 0.5(4.7) Axes
 - Level 7.6(7.7) Polearms
 - Level 16.0 Throwing
 - Level 14.1 Armour
 - Level 8.1 Dodging
 - Level 4.0 Stealth
 - Level 15.0 Shields
 - Level 15.4 Spellcasting
 - Level 24.0 Conjurations
 - Level 4.0 Hexes
 - Level 8.0 Summonings
 - Level 22.0 Necromancy
 - Level 3.0 Translocations
 - Level 17.3 Transmutations
 - Level 24.0 Fire Magic
 * Level 13.7 Air Magic
 - Level 13.0 Earth Magic
 - Level 4.0 Poison Magic
 - Level 2.0 Evocations


You had 2 spell levels left.
You knew the following spells:

 Your Spells              Type           Power      Damage    Failure   Level
a - Lehudib's Crystal Sp  Conj/Erth      76%        10d17     1%          8
b - Infestation           Necr           80%        N/A       1%          8
c - Borgnjor's Vile Clut  Necr/Erth      87%        N/A       0%          5
d - Ignition              Fire           83%        3d21      1%          8
e - Sublimation of Blood  Necr           100%       N/A       0%          2
f - Fire Storm            Conj/Fire      83%        8d21      2%          9
g - Apportation           Tloc           100%       N/A       1%          1
h - Blink                 Tloc           100%       N/A       1%          2
j - Swiftness             Air            100%       N/A       0%          3
k - Necromutation         Tmut/Necr      77%        N/A       1%          8

Your spell library contained the following spells:

 Spells                   Type           Power      Damage    Failure   Level
 Animate Skeleton         Necr           100%       N/A       0%          1
 Beastly Appendage        Tmut           100%       N/A       0%          1
 Foxfire                  Conj/Fire      100%       2x1d9     0%          1
 Magic Dart               Conj           100%       1d8       0%          1
 Pain                     Necr           100%       1d9       0%          1
 Sandblast                Erth           100%       2d20      0%          1
 Shock                    Conj/Air       100%       1d9       0%          1
 Sting                    Tmut/Pois      100%       1d8       0%          1
 Corpse Rot               Necr/Air       100%       N/A       0%          2
 Passwall                 Tmut/Erth      100%       N/A       0%          2
 Wereblood                Tmut           100%       N/A       0%          2
 Slow                     Hex            100%       N/A       1%          1
 Summon Small Mammal      Summ           100%       N/A       1%          1
 Call Imp                 Summ           91%        N/A       1%          2
 Ensorcelled Hibernation  Hex/Ice        100%       N/A       1%          2
 Poisonous Vapours        Pois/Air       100%       N/A       1%          2
 Conjure Flame            Conj/Fire      100%       6-21      0%          3
 Dazzling Flash           Conj/Hex       100%       N/A       0%          3
 Ignite Poison            Fire/Tmut/Pois 100%       N/A       0%          3
 Inner Flame              Hex/Fire       100%       N/A       0%          3
 Mephitic Cloud           Conj/Pois/Air  100%       N/A       0%          3
 Stone Arrow              Conj/Erth      100%       3d13      0%          3
 Vampiric Draining        Necr           100%       2d13      0%          3
 Animate Dead             Necr           80%        N/A       0%          4
 Dispel Undead            Necr           100%       3d31      0%          4
 Flame Wave               Conj/Fire      100%       2d17      0%          4
 Petrify                  Tmut/Erth      100%       N/A       0%          4
 Sticky Flame             Conj/Fire      100%       2d11      0%          4
 Agony                    Necr           100%       N/A       0%          5
 Blade Hands              Tmut           62%        N/A       0%          5
 Excruciating Wounds      Necr           80%        N/A       0%          5
 Fireball                 Conj/Fire      83%        3d31      0%          5
 Irradiate                Conj/Tmut      66%        3d35      0%          5
 Iskenderun's Battlesphe  Conj           100%       2d15      0%          5
 Lightning Bolt           Conj/Air       76%        1d102     0%          5
 Death Channel            Necr           80%        N/A       0%          6
 Starburst                Conj/Fire      83%        6d21      0%          6
 Call Canine Familiar     Summ           91%        N/A       1%          3
 Confusing Touch          Hex            71%        N/A       1%          3
 Lesser Beckoning         Tloc           65%        N/A       1%          3
 Ozocubu's Armour         Ice            58%        N/A       1%          3
 Portal Projectile        Hex/Tloc       100%       N/A       1%          3
 Spider Form              Tmut/Pois      100%       N/A       1%          3
 Summon Guardian Golem    Hex/Summ       82%        N/A       1%          3
 Tukima's Dance           Hex            71%        N/A       1%          3
 Airstrike                Air            68%        N/A       1%          4
 Anguish                  Hex/Necr       67%        N/A       1%          4
 Animate Armour           Summ/Erth      100%       N/A       1%          4
 Cause Fear               Hex            35%        N/A       1%          4
 Fulminant Prism          Conj/Hex       57%        3d25      1%          4
 Hailstorm                Conj/Ice       100%       3d20      1%          4
 Ice Form                 Ice/Tmut       100%       N/A       1%          4
 Iskenderun's Mystic Bla  Conj/Tloc      100%       2d19      1%          4
 Leda's Liquefaction      Hex/Erth       58%        N/A       1%          4
 Olgreb's Toxic Radiance  Pois           71%        N/A       1%          4
 Passage of Golubria      Tloc           65%        N/A       1%          4
 Summon Ice Beast         Ice/Summ       91%        N/A       1%          4
 Summon Lightning Spire   Summ/Air       100%       N/A       1%          4
 Alistair's Intoxication  Tmut/Pois      68%        N/A       1%          5
 Freezing Cloud           Conj/Ice/Air   79%        6-21      1%          5
 Lee's Rapid Deconstruct  Erth           67%        3d31*     1%          5
 Silence                  Hex/Air        59%        N/A       1%          5
 Summon Forest            Summ/Tloc      39%        N/A       1%          5
 Summon Mana Viper        Hex/Summ       82%        N/A       1%          5
 Yara's Violent Unravell  Hex/Tmut       51%        3d20      1%          5
 Conjure Ball Lightning   Conj/Air       76%        3x3d28    1%          6
 Eringya's Noxious Bog    Tmut/Pois      51%        N/A       1%          6
 Iron Shot                Conj/Erth      76%        9d14      1%          6
 Simulacrum               Ice/Necr       76%        N/A       1%          6
 Statue Form              Tmut/Erth      94%        N/A       1%          6
 Haunt                    Necr/Summ      70%        N/A       1%          7
 Orb of Destruction       Conj           70%        9d16      1%          7
 Spellforged Servitor     Conj/Summ      60%        N/A       1%          7
 Storm Form               Tmut/Air       71%        N/A       1%          7
 Summon Cactus Giant      Summ           45%        N/A       2%          6
 Manifold Assault         Tloc           65%        N/A       3%          5
 Metabolic Englaciation   Hex/Ice        38%        N/A       4%          5
 Maxwell's Capacitive Co  Air            68%        ∞         9%          8
 Monstrous Menagerie      Summ           45%        N/A       12%         7
 Summon Hydra             Summ           45%        N/A       12%         7
 Chain Lightning          Conj/Air       76%        3d102     16%         9
 Malign Gateway           Summ/Tloc      39%        N/A       32%         7
 Enfeeble                 Hex            35%        N/A       52%         7
 Summon Horrible Things   Summ           45%        N/A       65%         8
 Shatter                  Erth           67%        3d49*     86%         9
 Ozocubu's Refrigeration  Ice            29%        4d10      96%         7
 Discord                  Hex            35%        N/A       99%         8
 Disjunction              Tloc           32%        N/A       99%         8
 Polar Vortex             Ice            29%        N/A       100%        9


Dungeon Overview and Level Annotations

Branches:
Dungeon (15/15)            Temple (0/1) D:5            Lair (6/6) D:11
 Shoals (4/4) Lair:4       Spider (4/4) Lair:4        Slime (5/5) Lair:6
    Orc (2/2) D:10            Elf (3/3) Orc:2        Vaults (5/5) D:13
  Crypt (3/3) Vaults:3       Tomb (3/3) Crypt:3      Depths (4/4) D:15
   Hell (visited)             Dis (0/7) Hell            Geh (0/7) Hell
    Coc (7/7) Hell            Tar (0/7) Hell            Zot (5/5) Depths:4
  IceCv (visited)          WizLab (visited)         Desolation (visited)

Shops:
D:7 *   D:11 *   Orc:2 (?=:!   Elf:3 *   Vaults:1 :   Depths:4 *

Portals:
Hell: Depths:1 Depths:2 Depths:3 Depths:4
Abyss: Depths:3 Depths:4
Pandemonium: Depths:2 Depths:3

Annotations:
D:4 exclusion: 2 downstairs
D:5 1 runed translucent door, exclusion: downstairs, Crazy Yiuf
D:6 exclusion: downstairs
Lair:1 exclusion: downstairs
Lair:5 exclusion: oklob plant
Lair:6 2 runed translucent doors
Shoals:3 exclusion: downstairs
Spider:3 2 transporters, Qyadack's ghost, adept HOFi
Orc:1 exclusion: 2 downstairs
Elf:2 3 runed translucent doors
Vaults:2 MackTheFife's ghost, veteran HOGl
Tomb:3 Khufu
Depths:1 exclusions: hell hog and 1 more exclusion


Innate Abilities, Weirdness & Mutations

You are an undead lich.
Your unarmed attacks are suffused with negative energy.
You are immune to unholy pain and torment.
Your necromantic spells are more powerful.
You cannot drink.
You are immune to poison.
You have a considerably increased reservoir of magic. (+20% MP)
You shall have no god before yourself.
Your divine heritage dramatically boosts your attributes as you level up.
You expend magic power (3 MP) to strengthen your wands.


Message History

The ushabti gestures stiffly at your death scarab.
Your death scarab is dispelled!!
Your death scarab is destroyed!
A death scarab comes into view.
The ushabti enters a dispersal trap!
The death scarab blinks!
The guardian mummy blinks!
The mummy blinks!
The balrug blinks!
The death scarab misses your death scarab.
The ushabti gestures stiffly at your death scarab.
Your death scarab is dispelled!!
The shard shrike skeleton claws your death scarab but does no damage.
The death scarab waves its antennae.
The death scarab closely misses your death scarab.
The ushabti shakes and rattles deafeningly!
You cannot drink potions in your current state!
Okay, then.
Blink to where?
Press: ? - help, Dir - move target Khufu, a royal mummy and a mummy come into view.
Found eleven items.
Found a one-way staircase leading up.
As you read the scroll of blinking {@r4}, it crumbles to dust.
A sourceless malevolence fills the Tomb of the Ancients...
With a horrendous wail, an alarm goes off!
The mark upon you grows brighter.
The death scarab closely misses your death scarab.
Your death scarab bites the mummy!!
The mummy is destroyed!
The death scarab bites you but does no damage.
The death scarab bites your death scarab but does no damage.
The death scarab bites your death scarab!!
Your death scarab is destroyed!
Your death scarab bites the death scarab.
Your death scarab drains the death scarab's vigour!
The death scarab seems to slow down.
Your death scarab barely misses the death scarab.
The death scarab bites your death scarab!
The death scarab closely misses you.
Your death scarab bites the mummy priest!!
Your death scarab drains the mummy priest's vigour!
The mummy priest seems to slow down.
The death scarab bites you!
You die...

*,,,,,,,,,,**9.M..B...§BM#*,,,
**,,,,,..^§M<##.M..§....z#*<^,,
*,,,,^,.....§.##§.9.9z.L#*,,,,,
*,,,,,,.....§..##☼BzzM.#*,,,,,,
*,,,,,,........##2○☼BM.#*,.,,,,
*,,,,,,.........#°§^BM.#,^.,,,,
*,,,,,,$$.§.M..§#BM.BMB#(B.,,,,
**,,,,,$$?....§.B○BB.b9M..,,,,,
**,,,,§:$.!M.LB#M.°M.○#§,,,,,,
**,,,=$$9.....#§2B○B.#..,,,,,
**,,)§$$.§..##.○.BZ.#*..,,,,
**,)}$9^...##††°§..#*...,,,
**:=$$^..###°.○§..#**,,,,,
*#:$$..#* #°...B.# **,,,,
######* ######## *****


You could see Khufu, 3 royal mummies, a bennu (infested, slow), a mummy priest
(slow), 2 skeletal warriors, a guardian mummy, 2 ushabtiu, 4 death scarabs, a
mummy and 3 friendly death scarabs.

Vanquished Creatures
  Antaeus (Coc:7)
  the Royal Jelly (Slime:5)
  the Serpent of Hell (Coc:7)
  Mnoleg (Pan)
  Lom Lobon (Pan)
  3 pandemonium lords (Pan)
  5 dread liches
  10 orbs of fire
  Mennas (Pan)
  3 ancient liches
  3 juggernauts (Zig:15)
  19 royal mummies
  Boris (twice) (Vaults:4 Depths:2)
  3 Killer Klowns
  14 shard shrikes
  Margery (Crypt:1)
  Bai Suzhen (Spider:4)
  Saint Roka (Crypt:1)
  2 caustic shrikes (Depths:3)
  The ghost of Getoffmy the Slayer, a veteran GrFi of Wu Jian (Vaults:2)
  17 golden dragons
  5 bone dragons
  2 Brimstone Fiends
  Arachne (Spider:2)
  3 electric golems
  5 Tzitzimimeh
  2 doom hounds (Zig:12)
  3 hellephants (Zig:7)
  Jorgrun (Shoals:1)
  25 tentacled monstrosities
  12 liches
  10 tainted leviathans
  30 Ice Fiends
  A searing wretch (Zig:7)
  20 Orb Guardians
  2 deep elf blademasters (Elf:3)
  Asterion (Spider:4)
  A deep elf master archer (Elf:3)
  3 quicksilver dragons
  28 acid blobs
  A tentacled starspawn (Zig:11)
  A kraken (Shoals:1)
  20 titans
  An eldritch tentacle (Tomb:2)
  A sphinx (Vaults:3)
  2 ancient champions
  11 death cobs
  7 tengu reavers
  Ilsuiw (Shoals:3)
  8 Executioners
  16 storm dragons
  The ghost of Angmar the Brawler, an adept DrTm of Wu Jian (Shoals:3)
  Donald (Elf:1)
  8 shadow dragons
  16 narguns
  13 rockslimes
  16 azure jellies
  A daeva (Zig:11)
  A nagaraja (Zig:4)
  5 draconian monks
  A revenant (Crypt:1)
  2 fire giants
  15 draconian knights
  2 emperor scorpions (Spider:4)
  2 iron dragons
  8 orc warlords
  Aizul (Elf:1)
  15 frost giants
  11 deep elf sorcerers
  6 demonspawn warmongers
  Louise (Depths:3)
  A spectral juggernaut (Depths:1)
  11 balrugs
  7 ghost moths
  11 shard shrike simulacra
  5 draconian scorchers
  8 cacodemons
  A curse skull (Crypt:1)
  8 vault wardens
  5 draconian shifters
  18 draconian annihilators
  3 deep elf elementalists (Elf:3)
  3 spriggan defenders
  16 ironbound preservers
  4 demonspawn blood saints (Pan)
  6 draconian stormcallers
  4 caustic shrike skeletons
  A ghoul (Crypt:3)
  9 quicksilver oozes
  11 reapers
  9 war gargoyles
  A juggernaut skeleton (Hell)
  A stone giant (shapeshifter) (Zig:6)
  A broodmother (Spider:4)
  9 demonspawn corrupters
  34 elemental wellsprings
  9 stone giants
  5 deep elf demonologists (Elf:3)
  24 very ugly things
  15 black draconians
  15 vampire knights
  8 green draconians
  5 demonspawn black suns
  4 ironbound thunderhulks
  Nessos (Lair:4)
  15 yellow draconians
  18 wendigos
  4 putrid mouths
  3 entropy weavers
  16 white draconians
  2 bennus (Tomb:2)
  13 deep elf annihilators
  7 dire elephants
  8 spark wasps
  An eleionoma (shapeshifter) (Zig:6)
  14 purple draconians
  3 halazid warlocks (Desolation)
  6 lorocyprocas
  An orange crystal statue (WizLab)
  Snorg (Orc:2)
  16 red draconians
  5 crystal guardians
  9 green deaths
  15 mummy priests
  7 deep elf death magi
  6 merfolk javelineers
  3 eidola (Crypt:2)
  11 jiangshi
  6 fire dragons
  10 merfolk impalers
  22 blizzard demons
  A quicksilver dragon zombie (Zig:18)
  7 ettins
  8 ragged hierophants (Desolation)
  8 hell beasts
  8 deep elf high priests
  7 servants of whispers (Desolation)
  39 vault guards
  Erolcha (D:10)
  16 great orbs of eyes
  4 boulder beetles
  12 caustic shrike simulacra
  12 yaktaur captains
  5 rakshasas
  13 ice dragons
  2 spriggan air magi
  Harold (D:8)
  6 ironbound frosthearts
  16 peacekeepers
  7 juggernaut simulacra
  8 hydras
  A catoblepas (shapeshifter) (Elf:2)
  4 death knights
  6 centaur warriors
  3 ogre magi
  A radroach (Spider:1)
  5 merfolk avatars
  A spriggan zombie (Crypt:3)
  2 jorogumos
  14 two-headed ogres
  2 catoblepae
  8 merfolk aquamancers
  8 deep troll earth magi
  A two-headed ogre (shapeshifter) (Vaults:5)
  18 dancing weapons
  6 tengu warriors
  A fenstrider witch skeleton (Hell)
  7 satyrs
  45 death scarabs
  3 death yaks (IceCv)
  5 deep troll shamans
  7 vampire magi
  A thrashing horror (Zig:11)
  Urug (Lair:5)
  A naga sharpshooter (Zig:4)
  18 sun demons
  15 orc high priests
  Sonja (Lair:5)
  26 soul eaters
  5 spriggan berserkers
  A shock serpent (Pan)
  20 skeletal warriors
  14 hell knights
  14 deep elf knights
  A wretched star (Zig:11)
  4 shadow wraiths
  A storm dragon zombie (Depths:2)
  A fire crab (Lair:6)
  2 sun moths
  A salamander mystic (Zig:2)
  10 sixfirhies
  A storm dragon skeleton (Depths:2)
  3 iron trolls
  A death drake (Zig:9)
  10 flayed ghosts
  4 shadow demons
  7 quicksilver dragon simulacra
  11 sea snakes
  A spark wasp zombie (Depths:2)
  2 golden dragon zombies
  46 deep trolls
  4 pharaoh ants
  12 deep elf archers
  A naga ritualist (Zig:4)
  6 glowing orange brains
  A spectral iron dragon (Zig:12)
  A steelbarb worm (Spider:3)
  5 orb spiders
  A tengu zombie (Depths:2)
  2 fenstrider witch simulacra (Coc:1)
  18 wizards
  2 swamp dragons (Zig:9)
  3 lindwurms
  Pikel (D:4)
  27 harpies
  20 deep elf zephyrmancers
  23 ironbound convokers
  6 orc knights
  21 deep elf pyromancers
  A shadow dragon skeleton (Hell)
  2 iron dragon zombies (Depths:2)
  23 necromancers
  2 frost giant zombies (Depths:2)
  A mana viper (Zig:4)
  11 phantasmal warriors
  13 shining eyes
  32 fauns
  12 wolf spiders
  A golden dragon skeleton (Crypt:3)
  8 orc sorcerers
  A salamander (Depths:1)
  A moth of wrath (shapeshifter) (Depths:3)
  47 ugly things
  11 merfolk sirens
  9 cyclopes
  3 elephants (Lair:5)
  An iron dragon skeleton (Depths:2)
  2 sphinx skeletons
  A manticore (shapeshifter) (Depths:3)
  53 moths of wrath
  13 manticores
  2 guardian serpents
  3 apocalypse crabs
  A water nymph (shapeshifter) (Vaults:4)
  6 ice statues
  A naga mage (Zig:4)
  Joseph (D:8)
  7 black mambas
  12 vault sentinels
  3 molten gargoyles
  6 titan simulacra
  10 water nymphs
  2 dire elephant zombies (Crypt:2)
  An emperor scorpion simulacrum (Coc:1)
  A guardian serpent (shapeshifter) (Vaults:5)
  3 rust devils
  6 orange demons
  An alligator snapping turtle zombie (Crypt:1)
  3 stone giant skeletons
  15 smoke demons
  2 torpor snails
  5 eyes of devastation
  A naga skeleton (Crypt:3)
  2 gargoyles (D:11)
  An unseen horror (shapeshifter) (Elf:1)
  10 demonic crawlers
  A sea snake zombie (Crypt:2)
  2 kobold demonologists
  9 hellions
  8 cane toads
  7 rime drakes
  A storm dragon simulacrum (Zig:18)
  An unseen horror (D:13)
  5 anaconda simulacra
  An efreet (Pan)
  16 yaktaurs
  A death yak skeleton (Crypt:1)
  A bunyip simulacrum (Coc:2)
  20 guardian mummies
  3 tengu conjurers
  11 komodo dragons
  5 ice devils
  4 tormentors
  An ancient zyme (Zig:11)
  4 iron giant simulacra
  2 golden dragon simulacra
  2 red devils (Pan)
  8 hellwings (Pan)
  43 merfolk
  A hydra zombie (Hell)
  10 polar bears
  19 freezing wraiths
  6 trolls
  15 meliai
  A tengu simulacrum (Zig:16)
  Grinder (D:6)
  66 saltlings (Desolation)
  19 tarantellas
  5 wind drakes
  19 blink frogs
  2 ettin zombies
  94 slime creatures
  3 raiju (Zig:11)
  9 hornets
  13 dream sheep
  16 snapping turtles
  13 jumping spiders
  A meliai zombie (D:10)
  An air elemental (Elf:2)
  2 stone giant simulacra
  2 iron dragon simulacra
  An ettin skeleton (Depths:2)
  34 flying skulls
  12 wraiths
  12 culicivoras
  3 spriggans
  A centaur simulacrum (Coc:2)
  A spriggan (shapeshifter) (Vaults:5)
  36 water elementals
  17 shadows (Crypt:2)
  16 ynoxinuls
  A fire dragon skeleton (Crypt:2)
  5 spriggan skeletons
  10 ushabtiu
  5 wyverns
  11 large abominations
  12 dire elephant simulacra
  A black mamba skeleton (Hell)
  15 golden eyes
  5 steam dragons
  Grum (D:8)
  2 alligator snapping turtle simulacra
  62 yaks
  12 basilisks
  20 neqoxecs
  31 redbacks
  4 fire elementals
  Menkaure (D:5)
  10 chaos spawn
  4 vampire mosquitoes
  2 human zombies (Depths:2)
  13 harpy simulacra
  13 wargs
  A two-headed ogre zombie (Orc:1)
  3 acid dragons
  A hydra simulacrum (Hell)
  A naga zombie (Hell)
  4 hell hounds
  A floating eye (shapeshifter) (Elf:3)
  A water nymph skeleton (Crypt:2)
  10 water moccasins
  A demonspawn skeleton (Crypt:2)
  A small abomination (Zig:11)
  4 ice beasts
  40 orc warriors
  A black bear (D:6)
  27 ogres
  6 ettin simulacra
  2 necrophages (Crypt:3)
  42 wolves
  5 boggarts (Vaults:1)
  9 centaurs
  A phantom (D:4)
  4 lemures (D:5)
  4 kobold brigands
  13 bullfrogs
  2 gnoll sergeants
  A wyvern zombie (D:8)
  3 scorpions
  2 two-headed ogre simulacra (Orc:2)
  6 earth elementals
  2 glowing shapeshifter simulacra
  A cane toad simulacrum (Orc:2)
  A water moccasin zombie (D:6)
  A water moccasin skeleton (D:6)
  4 wights
  8 killer bees (D:11)
  A warg skeleton (Crypt:2)
  6 electric eels
  A howler monkey (D:8)
  6 centaur zombies
  5 lava snakes
  A crimson imp (Pan)
  A jelly (D:7)
  31 orc priests
  2 hounds (D:6)
  2 bullfrog skeletons
  2 centaur skeletons
  A human skeleton (Crypt:2)
  19 orc wizards
  An iguana (D:6)
  7 spriggan simulacra
  A troll simulacrum (Orc:2)
  An acid dragon zombie (Crypt:1)
  2 nameless horrors
  A hound zombie (D:5)
  A hound skeleton (Crypt:1)
  33 mummies
  10 gnolls
  3 adders (D:5)
  A gnoll (shapeshifter) (Depths:4)
  A howler monkey skeleton (D:7)
  5 naga simulacra
  A white imp (D:5)
  An adder skeleton (D:4)
  6 dart slugs
  62 orcs
  4 ball pythons
  5 endoplasms
  3 giant cockroaches
  4 goblins
  3 hobgoblins
  2 jackals (D:2)
  5 bats
  A dart slug zombie (Crypt:1)
  A frilled lizard (D:1)
  23 kobolds
  A kobold skeleton (Crypt:1)
  3 rats
  A plant (Shoals:4)
  A tentacle (Shoals:1)
3327 creatures vanquished.

Vanquished Creatures (collateral kills)
  Cerebov (Pan)
  Gloorx Vloq (Pan)
  A dread lich (Zot:5)
  An ancient lich (Zot:5)
  10 royal mummies
  Geryon (Hell)
  A Brimstone Fiend (Pan)
  3 tentacled monstrosities
  3 liches
  5 Orb Guardians (Zot:5)
  3 titans
  An eldritch tentacle (Pan)
  2 ancient champions (Tomb:2)
  13 Executioners (Pan)
  A shadow dragon (Vaults:4)
  7 sphinxes (Tomb:1)
  2 revenants
  2 storm dragons (Pan)
  An iron dragon (Hell)
  4 cacodemons (Pan)
  2 vault wardens
  12 balrugs (Pan)
  2 curse skulls (Pan)
  An ironbound preserver (Vaults:1)
  3 reapers
  2 ironbound thunderhulks
  A caustic shrike skeleton (Pan)
  A vampire knight (Crypt:3)
  7 very ugly things
  A demonspawn blood saint (Pan)
  A dire elephant (Vaults:1)
  A demonspawn black sun (Pan)
  2 bennus (Tomb:2)
  2 putrid mouths (Hell)
  2 entropy weavers
  A black draconian (Zot:5)
  7 blizzard demons (Pan)
  3 iron golems (Hell)
  A green death (Pan)
  12 mummy priests
  A deep elf death mage (Elf:2)
  A merfolk javelineer (Shoals:1)
  A quicksilver dragon zombie (Tomb:2)
  A merfolk impaler (Shoals:4)
  2 fire dragons
  A juggernaut simulacrum (Pan)
  A hell beast (Pan)
  A caustic shrike simulacrum (Coc:1)
  Erica (D:9)
  An alligator snapping turtle (Shoals:4)
  2 merfolk aquamancers (Shoals:1)
  18 death scarabs
  2 shock serpents (Pan)
  A hell knight (Crypt:3)
  2 soul eaters
  19 sun demons
  5 sixfirhies (Pan)
  4 skeletal warriors
  3 shadow wraiths (Pan)
  4 iron trolls (Hell)
  A salamander mystic (Depths:1)
  11 deep trolls
  3 steelbarb worms (Spider:3)
  3 orb spiders
  2 pharaoh ants
  2 sea snakes
  A lindwurm (Vaults:2)
  2 anaconda skeletons (Hell)
  A phantasmal warrior (Crypt:1)
  A deep elf archer (Elf:1)
  2 wizards (Vaults:4)
  An ironbound convoker (Vaults:4)
  4 deep elf zephyrmancers
  A spriggan simulacrum (Coc:7)
  3 deep elf pyromancers
  8 wolf spiders
  4 harpies
  2 fauns (Shoals:4)
  A shadow dragon skeleton (Pan)
  A cyclops (D:14)
  6 ugly things
  A moth of wrath (Spider:3)
  A salamander (Depths:1)
  2 shining eyes (Pan)
  A manticore (Shoals:4)
  A merfolk siren (Shoals:3)
  2 rust devils (Hell)
  A black mamba (Lair:2)
  A dire elephant zombie (Tomb:2)
  2 ice statues (Hell)
  2 vault sentinels (Vaults:1)
  15 smoke demons
  A dire elephant skeleton (Hell)
  2 orange demons (Pan)
  4 molten gargoyles (Hell)
  2 hellions (Pan)
  14 demonic crawlers
  2 tormentors (Pan)
  2 yaktaurs (Vaults:4)
  2 ice devils (Pan)
  An anaconda simulacrum (Hell)
  6 efreet
  A hellwing (Pan)
  14 guardian mummies
  A troll (D:14)
  A harpy zombie (Tomb:2)
  A hornet (Spider:4)
  A troll (shapeshifter) (D:14)
  5 merfolk
  A harpy skeleton (Pan)
  5 tarantellas
  An alligator zombie (Hell)
  6 saltlings (Desolation)
  3 hydra skeletons (Hell)
  8 jumping spiders
  2 snapping turtles
  6 flying skulls
  5 culicivoras
  A water elemental (Hell)
  5 ushabtiu
  A yak (D:5)
  6 ynoxinuls (Pan)
  A golden eye (Lair:6)
  10 redbacks
  8 neqoxecs (Pan)
  2 chaos spawn (Pan)
  A sea snake simulacrum (Hell)
  4 harpy simulacra (Coc:1)
  2 water moccasins (D:9)
  13 large abominations (Pan)
  A hydra simulacrum (Hell)
  A naga skeleton (Tomb:2)
  An orc warrior (D:8)
  A fire dragon simulacrum (Coc:1)
  4 necrophages
  An ogre (D:5)
  3 boggarts (Vaults:1)
  2 centaurs (D:14)
  A killer bee (D:5)
  A wight (D:9)
  A lava snake (D:14)
  5 crimson imps (Pan)
  An orc priest (D:6)
  A gnoll shaman (D:4)
  4 hell rats (Hell)
  20 mummies
  A howler monkey zombie (D:6)
  7 gnolls
  3 adders
  A shadow imp (D:7)
  2 white imps
  2 worms (D:2)
  15 orcs
  2 hobgoblins
  A quokka (D:2)
  5 kobolds
525 creatures vanquished.

Vanquished Creatures (others)
  A draconian knight (Zot:2)
  An azure jelly (Coc:5)
  An entropy weaver (Vaults:5)
  A halazid warlock (Desolation)
  2 deep elf knights
  A quicksilver dragon simulacrum (Coc:1)
  A deep elf pyromancer (Elf:3)
  2 deep elf zephyrmancers (Elf:2)
  A wolf spider (Spider:2)
  An ugly thing (Pan)
  A bunyip simulacrum (Coc:2)
  A golden dragon simulacrum (Coc:7)
  A naga simulacrum (Coc:1)
  2 yaks (IceCv)
  A golden eye (Pan)
  A redback (Spider:3)
  2 harpy simulacra
  A human (D:8)
  A kobold brigand (D:10)
  A killer bee (D:11)
  A lava snake (Lair:6)
  A jelly (Lair:5)
  6 ball lightnings (Pan)
  49 fire vortices
  88 fungi
  2 pillars of salt (Desolation)
  367 plants
  11 tentacles (Shoals:1)
  5 toadstools (D:1)
  3 withered plants
557 creatures vanquished.

Grand Total: 4409 creatures vanquished

Notes
Turn   | Place    | Note
-------+----------+-------------------------------------------
     0 | D:1      | iguanaiguana the Demigod Hedge Wizard began the quest for
                  | the Orb.
     0 | D:1      | Reached XP level 1. HP: 14/14 MP: 6/6
    51 | D:1      | Reached skill level 1 in Summonings
   655 | D:1      | Reached XP level 2. HP: 20/20 MP: 6/8
   886 | D:1      | Learned a level 2 spell: Call Imp
  1436 | D:2      | Reached skill level 1 in Conjurations
  1773 | D:2      | Reached XP level 3. HP: 26/26 MP: 2/9
  2043 | D:2      | Learned a level 2 spell: Blink
  5252 | D:3      | Reached XP level 4. HP: 19/33 MP: 5/10
  5472 | D:4      | Noticed a necrophage
  6037 | D:3      | Killed a necrophage
  6038 | D:3      | Reached XP level 5. HP: 38/39 MP: 8/11
  6083 | D:4      | Reached skill level 1 in Fighting
  6589 | D:4      | Reached skill level 1 in Polearms
  6724 | D:4      | Reached XP level 6. HP: 34/48 MP: 3/13
  7068 | D:5      | Entered Level 5 of the Dungeon
  7318 | D:5      | Reached skill level 1 in Air Magic
  7323 | D:5      | Reached skill level 1 in Poison Magic
  7323 | D:5      | Reached XP level 7. HP: 55/55 MP: 8/14
  7328 | D:5      | Noticed Pikel
  7407 | D:5      | Noticed Menkaure
  8755 | D:5      | Found a staircase to the Ecumenical Temple.
  8795 | D:5      | Noticed a yak
  8799 | D:5      | Noticed a yak
  9417 | D:5      | Noticed a yak
  9549 | D:5      | Learned a level 3 spell: Mephitic Cloud
 10313 | D:6      | Reached XP level 8. HP: 58/61 MP: 5/15
 11024 | D:5      | Reached skill level 5 in Conjurations
 11142 | D:6      | Noticed Grinder
 11146 | D:6      | Paralysed by Grinder for 4 turns
 11846 | D:6      | Reached skill level 1 in Translocations
 12087 | D:6      | Paralysed by Grinder for 3 turns
 12096 | D:6      | Killed Grinder
 12430 | D:6      | Reached skill level 1 in Armour
 12905 | D:7      | Noticed a hornet
 13266 | D:7      | Found Ukhuybe's General Store.
 13310 | D:7      | Reached XP level 9. HP: 41/67 MP: 10/16
 13446 | D:7      | Bought a scroll of amnesia for 49 gold pieces
 13446 | D:7      | Bought a +0 cloak of willpower for 161 gold pieces
 13446 | D:7      | Bought a scroll of teleportation for 42 gold pieces
 14414 | D:8      | Noticed a two-headed ogre
 14485 | D:8      | Killed a two-headed ogre
 14486 | D:8      | Reached skill level 1 in Evocations
 14830 | D:8      | Noticed Grum
 14835 | D:8      | Noticed Harold
 15272 | D:8      | Noticed Joseph
 15399 | D:9      | Noticed Erica
 15667 | D:8      | Killed Joseph
 17228 | D:9      | Killed Erica
 17229 | D:9      | Reached skill level 5 in Polearms
 17229 | D:9      | Reached XP level 10. HP: 49/78 MP: 10/17
 17685 | D:10     | Entered Level 10 of the Dungeon
 20167 | D:8      | Killed Grum
 20360 | D:8      | Killed Harold
 20553 | D:8      | Identified the +2 robe of Darkness {Str+7}
 20760 | D:5      | Killed Menkaure
 21086 | D:5      | Found a runed translucent door.
 21087 | D:5      | Noticed Crazy Yiuf
 22111 | D:10     | Noticed a two-headed ogre
 22417 | D:9      | Killed a two-headed ogre
 22418 | D:9      | Reached skill level 1 in Short Blades
 23224 | D:10     | Reached skill level 1 in Throwing
 23278 | D:10     | Noticed a smoke demon
 23569 | D:9      | Reached XP level 11. HP: 84/84 MP: 13/19
 24049 | D:10     | Noticed Erolcha
 24247 | D:10     | Found a staircase to the Orcish Mines.
 24353 | D:10     | Killed Erolcha
 24787 | D:10     | Found a staircase to the Orcish Mines.
 26179 | D:11     | Reached skill level 5 in Short Blades
 27350 | D:11     | Found Xoecrum's Pet Rocks.
 27428 | D:11     | Found a staircase to the Lair.
 27443 | Lair:1   | Entered Level 1 of the Lair of Beasts
 27509 | Lair:1   | You fall into a shaft and drop 1 floor!
 27547 | Lair:2   | Noticed a five-headed hydra
 27678 | Lair:1   | Reached skill level 1 in Earth Magic
 27997 | Lair:1   | Reached skill level 1 in Hexes
 28005 | Lair:1   | Learned a level 3 spell: Confusing Touch
 32700 | Lair:1   | Reached XP level 12. HP: 49/91 MP: 18/20
 32892 | Lair:1   | Reached skill level 5 in Earth Magic
 33502 | D:11     | Bought a book of Iron for 540 gold pieces
 33509 | D:11     | Learned a level 6 spell: Iron Shot
 35420 | Lair:2   | Reached skill level 1 in Fire Magic
 35803 | Lair:3   | Learned a level 5 spell: Fireball
 36442 | Lair:4   | Identified a scroll of acquirement
 36444 | Lair:4   | Acquired a +6 quick blade
 36564 | Lair:4   | Noticed Nessos
 36902 | Lair:4   | Noticed a six-headed hydra
 37228 | Lair:4   | Killed Nessos
 37229 | Lair:4   | Reached skill level 5 in Fire Magic
 37547 | Lair:4   | Noticed a catoblepas
 37564 | Lair:4   | Found a hole to the Spider Nest.
 37739 | Lair:4   | Killed a six-headed hydra
 37855 | Lair:4   | Killed a catoblepas
 37969 | Lair:4   | Found a staircase to the Shoals.
 39258 | Lair:4   | Found a staircase to the Shoals.
 39534 | Lair:5   | Noticed a four-headed hydra
 39714 | Lair:4   | Killed a four-headed hydra
 39829 | Lair:5   | Noticed Urug
 39838 | Lair:5   | Killed Urug
 39841 | Lair:5   | Noticed a seven-headed hydra
 39842 | Lair:5   | Noticed a four-headed hydra
 40074 | Lair:5   | Noticed Sonja
 40096 | Lair:5   | Killed Sonja
 40412 | Lair:5   | Killed a seven-headed hydra
 40668 | Lair:4   | Reached XP level 13. HP: 60/96 MP: 15/21
 40885 | Lair:5   | Reached skill level 10 in Conjurations
 42162 | Lair:5   | Identified the +2 war axe "Ogrebane" {spect, rC+ rCorr
                  | Int+4}
 42571 | Lair:6   | Entered Level 6 of the Lair of Beasts
 45104 | Lair:6   | Found a staircase to the Slime Pits.
 48144 | Lair:6   | Reached skill level 5 in Spellcasting
 48990 | Lair:6   | Found a large runed translucent door.
 48990 | Lair:6   | Found a large runed translucent door.
 49854 | D:11     | Found Xoecrum's Pet Rocks.
 49941 | D:11     | Found a staircase to the Lair.
 50448 | Orc:1    | Entered Level 1 of the Orcish Mines
 51098 | Orc:1    | Reached skill level 5 in Armour
 51893 | Orc:1    | Paralysed by an ogre mage for 4 turns
 52077 | Orc:2    | Entered Level 2 of the Orcish Mines
 52077 | Orc:2    | Noticed an orc warlord
 52396 | Orc:2    | Found Cytry's Jewellery Boutique.
 52400 | Orc:2    | Bought the amulet "Mutuirie" {Reflect Rampage MP+9 Str+4
                  | Dex-3 SH+5} for 754 gold pieces
 52428 | Orc:2    | Found a frozen archway.
 52458 | Orc:2    | Noticed Snorg
 52614 | Orc:2    | Killed Snorg
 52615 | Orc:2    | Reached XP level 14. HP: 88/104 MP: 13/27
 52648 | IceCv    | Entered an ice cave
 53769 | IceCv    | Reached skill level 10 in Fire Magic
 54930 | Orc:2    | Reached skill level 1 in Shields
 55038 | Orc:2    | Found Livufeka's Weapon Shoppe.
 55040 | Orc:2    | Found Niqosk's Magic Scroll Boutique.
 55770 | Orc:2    | Found a staircase to the Elven Halls.
 55838 | Orc:2    | Killed an orc warlord
 56989 | Orc:2    | Bought a scroll of blinking for 127 gold pieces
 56989 | Orc:2    | Bought a scroll of teleportation for 51 gold pieces
 56989 | Orc:2    | Bought a scroll of identify for 34 gold pieces
 57064 | Orc:2    | Found Bedghom's Distillery.
 57064 | Orc:2    | Found Qostaz's Book Shoppe.
 57799 | Orc:2    | Bought Sif Muna's Incunabulum of Conjuration and Clay for
                  | 624 gold pieces
 57804 | Orc:2    | Learned a level 4 spell: Sticky Flame
 59159 | D:12     | Reached skill level 5 in Shields
 61203 | D:12     | Reached XP level 15. HP: 107/111 MP: 21/28
 62244 | D:13     | Reached skill level 5 in Summonings
 62244 | D:13     | Reached skill level 5 in Air Magic
 62397 | D:12     | Learned a level 4 spell: Summon Lightning Spire
 62486 | D:13     | Found a gate to the Vaults.
 63993 | D:15     | Entered Level 15 of the Dungeon
 64172 | D:15     | Identified the +1 war axe of Siecrosm {flame, rElec rN++
                  | Int+3}
 65752 | D:15     | Found a staircase to the Depths.
 66184 | Spider:1 | Entered Level 1 of the Spider Nest
 66731 | Spider:1 | Identified the ring of Eternal Harmony {MP+9 Int+2 SInv}
 69861 | Spider:1 | Reached skill level 5 in Fighting
 70031 | Spider:2 | Noticed Arachne
 70039 | Spider:2 | Killed Arachne
 70617 | Spider:2 | Reached XP level 16. HP: 108/119 MP: 29/29
 71749 | Spider:3 | Noticed Qyadack's ghost (adept HOFi)
 71752 | Spider:3 | Found a transporter.
 71935 | Spider:3 | Found a transporter.
 72742 | Spider:4 | Entered Level 4 of the Spider Nest
 73248 | Spider:4 | Noticed Bai Suzhen
 73257 | Spider:4 | Killed Bai Suzhen
 73486 | Spider:4 | Noticed Asterion
 73500 | Spider:4 | Killed Asterion
 75146 | Spider:4 | HP: 5/122 [spark wasp (4)]
 75713 | Spider:4 | Got a gossamer rune of Zot
 76058 | Shoals:1 | Entered Level 1 of the Shoals
 76340 | Shoals:1 | Noticed Jorgrun
 76352 | Shoals:1 | Killed Jorgrun
 76642 | Lair:4   | Learned a level 6 spell: Starburst
 77259 | Shoals:1 | Reached XP level 17. HP: 42/129 MP: 4/32
 79863 | Shoals:2 | Reached XP level 18. HP: 139/139 MP: 34/34
 80370 | Shoals:2 | Reached skill level 10 in Shields
 80560 | Shoals:3 | Noticed Angmar's ghost (adept DrTm)
 80575 | Shoals:3 | Found a runed translucent door.
 80827 | Shoals:3 | Identified the +5 quarterstaff "Rufajid" {vorpal, +Blink
                  | rCorr Str+2}
 80989 | Shoals:3 | Noticed Ilsuiw
 81004 | Shoals:3 | Killed Ilsuiw
 81370 | Shoals:4 | Entered Level 4 of the Shoals
 81672 | Shoals:3 | Killed Angmar's ghost
 84315 | Shoals:3 | Learned a level 1 spell: Apportation
 84327 | Shoals:4 | Got a barnacled rune of Zot
 84603 | Shoals:4 | Identified the ring "Dakuck" {Ice rPois Will++ Str-2}
 85032 | Vaults:1 | Entered Level 1 of the Vaults
 85036 | Vaults:1 | Acquired the +3 Elemental Staff {rElec rF++ rC++ AC+5}
 85036 | Vaults:1 | Found the +3 Elemental Staff {rElec rF++ rC++ AC+5}
 85161 | Vaults:1 | Reached skill level 10 in Armour
 85556 | Vaults:1 | Reached XP level 19. HP: 148/148 MP: 12/36
 86153 | Vaults:1 | Found Zarump's Book Boutique.
 87550 | Vaults:2 | Learned a level 6 spell: Iron Shot
 88358 | Vaults:2 | Found a runed translucent gate.
 88359 | Vaults:2 | Found a runed translucent gate.
 88359 | Vaults:2 | Found a runed translucent gate.
 88365 | Vaults:2 | Noticed Getoffmy's ghost (veteran GrFi)
 88365 | Vaults:2 | Noticed MackTheFife's ghost (veteran HOGl)
 88672 | Vaults:2 | Reached skill level 15 in Fire Magic
 89277 | Vaults:2 | Killed Getoffmy's ghost
 90241 | Vaults:3 | Reached skill level 10 in Earth Magic
 90939 | Vaults:3 | Found a staircase to the Crypt.
 91228 | Vaults:4 | Reached XP level 20. HP: 159/159 MP: 37/37
 92503 | Vaults:4 | Reached skill level 10 in Fighting
 92530 | Vaults:4 | Noticed Boris
 92919 | Vaults:4 | Killed Boris
 93878 | Depths:1 | Entered Level 1 of the Depths
 93888 | Depths:1 | Identified the +2 war axe of Ujyih {venom, rElec}
 94337 | Depths:1 | Found a one-way gateway to a ziggurat.
 95363 | Depths:1 | Found a gateway to Hell.
 96092 | Depths:2 | Found a one-way gate leading to the halls of Pandemonium.
 96097 | Depths:2 | Noticed Boris
 96309 | Depths:2 | Killed Boris
 96495 | Depths:2 | Noticed a bone dragon
 96503 | Depths:2 | Killed a bone dragon
 97380 | Depths:2 | Got the Catalogue of Supportive Toxins
 97899 | Depths:3 | Reached XP level 21. HP: 145/169 MP: 21/38
 98243 | Depths:3 | Found a one-way gate to the infinite horrors of the Abyss.
 98243 | Depths:3 | Noticed Louise
 98384 | Depths:3 | Killed Louise
 98905 | Depths:3 | Noticed a caustic shrike
 98914 | Depths:3 | Killed a caustic shrike
 99034 | Depths:3 | Noticed a caustic shrike
 99037 | Depths:3 | Killed a caustic shrike
 99455 | Depths:3 | Noticed a golden dragon
 99460 | Depths:3 | Killed a golden dragon
 99461 | Depths:3 | Reached skill level 1 in Transmutations
 99580 | Depths:4 | Entered Level 4 of the Depths
 99656 | Depths:3 | Noticed a golden dragon
 99689 | Depths:3 | Killed a golden dragon
100156 | Depths:4 | Reached skill level 5 in Transmutations
100663 | Depths:4 | Found Ejofibb's General Store.
100672 | Depths:4 | Bought the +2 pair of boots of Pragmatism {Dex+4} for 657
                  | gold pieces
100846 | Depths:4 | Learned a level 6 spell: Statue Form
101220 | Depths:4 | Found a gate to the Realm of Zot.
101554 | Elf:1    | Entered Level 1 of the Elven Halls
101638 | Elf:1    | Noticed Aizul
101640 | Elf:1    | Noticed Donald
101645 | Elf:1    | Killed Donald
101647 | Elf:1    | Killed Aizul
101649 | Elf:1    | Found a crumbling gateway.
101715 | Desolati | Entered the Desolation of Salt
102322 | Desolati | Reached skill level 10 in Transmutations
102501 | Desolati | Identified the +2 pair of gloves of the Desert {Contam rC+
                  | Regen+}
103196 | Desolati | Identified the ring of Bulobe {*Slow rElec rPois rC- Will+
                  | rCorr}
103216 | Desolati | Got the Compendium of Unholy Magic
103234 | Desolati | Reached XP level 22. HP: 172/173 MP: 39/39
103353 | Desolati | Identified the ring "Olizol" {AC+4 Int+3 Dex+3}
103362 | Desolati | Got Sif Muna's Handbook of the Frostbite
103372 | Desolati | Got the Disquisition on the Oath and Ice
103373 | Desolati | Identified the ring of Vampiric Thralls {rN+ Will+ Int+3}
104294 | Elf:2    | Found a flickering gateway to a bazaar.
104304 | Bazaar   | Entered a bazaar
104346 | Bazaar   | Found Kerehod's Jewellery Shoppe.
104346 | Bazaar   | Found Maono's Assorted Antiques.
104351 | Bazaar   | Bought a scroll of amnesia for 112 gold pieces
104368 | Bazaar   | Found Neapro's General Store.
104368 | Bazaar   | Found Kock's Magic Scroll Emporium.
104373 | Bazaar   | Bought a scroll of teleportation for 42 gold pieces
104373 | Bazaar   | Bought a scroll of teleportation for 42 gold pieces
104373 | Bazaar   | Bought a scroll of teleportation for 42 gold pieces
104379 | Bazaar   | Bought a scroll of enchant armour for 67 gold pieces
104460 | Bazaar   | Bought a glowing helmet for 240 gold pieces
104546 | Elf:2    | Found a magical portal.
104557 | WizLab   | Entered Wucad Mu's Monastery
104719 | WizLab   | Found the +9 staff of Wucad Mu {*channel}
104755 | WizLab   | Reached XP level 23. HP: 185/185 MP: 23/40
105359 | Elf:2    | Paralysed by an air elemental for 1 turns
105751 | Elf:2    | Found a runed translucent gate.
105751 | Elf:2    | Found a runed translucent gate.
105751 | Elf:2    | Found a runed translucent gate.
105979 | Elf:3    | Entered Level 3 of the Elven Halls
106605 | Elf:3    | Found Bophoc's General Store.
106619 | Elf:3    | Bought a scroll of enchant armour for 135 gold pieces
106943 | Elf:3    | Identified the +9 hand axe of Benevolence {drain, Fly Will-
                  | Int+3 Dex+3}
107007 | Elf:3    | Identified the +5 plate armour of the Realm of Zot {Str+4
                  | Dex+3 SInv}
107105 | Elf:3    | Reached skill level 10 in Spellcasting
107105 | Elf:3    | Identified the ring of Urycuame {rN+ Will+ Str+4}
107492 | Elf:2    | Learned a level 8 spell: Ignition
107706 | Elf:3    | Identified the ring "Mennitta" {rPois rF+ AC+4 Int-4}
107821 | Elf:3    | Identified the ring of Suassado {Fly rC- MP+9 Str+3 Dex+2}
108003 | Elf:3    | Got Sif Muna's Almanac of Excruciating Curses
108833 | Crypt:1  | Entered Level 1 of the Crypt
108833 | Crypt:1  | Noticed a dread lich
108836 | Crypt:1  | Killed a dread lich
108911 | Crypt:1  | Noticed Saint Roka
108919 | Crypt:1  | Killed Saint Roka
109449 | Crypt:1  | Noticed Margery
109783 | Crypt:1  | Killed Margery
110862 | Crypt:1  | Found the +8 Vampire's Tooth {vamp}
111324 | Crypt:2  | Reached XP level 24. HP: 192/192 MP: 36/43
111332 | Crypt:2  | Reached skill level 15 in Conjurations
112380 | Crypt:3  | Entered Level 3 of the Crypt
113385 | Crypt:3  | Found a staircase to the Tomb.
113501 | Crypt:3  | Reached skill level 5 in Dodging
114038 | Crypt:3  | Noticed an ancient lich
114043 | Crypt:3  | Killed an ancient lich
114398 | Vaults:5 | Entered Level 5 of the Vaults
114398 | Vaults:5 | Noticed an ancient lich
114448 | Vaults:5 | Killed an ancient lich
115331 | Vaults:5 | Identified the +8 chain mail of Uhuyxti {Harm Rampage
                  | rPois}
115336 | Vaults:5 | Got a silver rune of Zot
115689 | Vaults:5 | Identified the +0 chain mail of Going Fast {*Corrode +Inv
                  | rPois SInv}
115696 | Vaults:5 | Identified the +6 fustibalus of the Absolute Madman {speed,
                  | rF+ Stlth+}
115817 | Vaults:5 | Identified the +0 scale mail of the Saving Spines {Regen+}
115829 | Vaults:5 | Reached skill level 15 in Shields
115874 | Vaults:5 | Identified the +1 scale mail "Mupuom" {Harm Int-4 Dex+8}
116316 | Slime:1  | Entered Level 1 of the Pits of Slime
116665 | Slime:2  | Reached XP level 25. HP: 182/204 MP: 36/43
117628 | Slime:5  | Entered Level 5 of the Pits of Slime
118539 | Slime:5  | Noticed the Royal Jelly
118656 | Slime:5  | Killed the Royal Jelly
119224 | Slime:5  | Found the +7 Spriggan's Knife {stab, EV+4 Stlth+}
119292 | Slime:5  | Identified the +3 buckler "Noried" {rF++}
119349 | Slime:5  | Got a slimy rune of Zot
119402 | Slime:5  | Identified the +5 falchion of the Final Decision
                  | {antimagic, rC- rN+ Str+6 SInv}
119410 | Slime:5  | Identified the +6 fustibalus of Gluttony {speed, Fragile
                  | Will+ rCorr Stlth+}
119804 | Zot:1    | Entered Level 1 of the Realm of Zot
119809 | Zot:1    | Reached skill level 1 in Necromancy
120475 | Vaults:1 | Bought a book of Death for 792 gold pieces
120640 | Orc:2    | Bought a book of Burglary for 260 gold pieces
120644 | Orc:2    | Learned a level 3 spell: Swiftness
120976 | Depths:4 | Learned a level 2 spell: Sublimation of Blood
121234 | Zot:1    | Learned a level 5 spell: Borgnjor's Vile Clutch
121297 | Zot:1    | Reached skill level 5 in Necromancy
121670 | Zot:2    | Noticed an orb of fire
121678 | Zot:2    | Killed an orb of fire
122212 | Zot:2    | Identified the +7 fustibalus of the Dark Horse {vorpal,
                  | *Corrode rC+ Int+4}
122386 | Zot:2    | Noticed a dread lich
122392 | Zot:2    | Killed a dread lich
122447 | Zot:2    | Got the Handbook of the Eight Boll Weevils
122739 | Zot:3    | Reached skill level 10 in Necromancy
122740 | Zot:3    | Reached XP level 26. HP: 204/214 MP: 39/46
124829 | Zot:4    | Identified the +1 ring mail of Defiance {-Tele rElec rPois
                  | Stlth+}
125577 | D:4      | Killed Pikel
125925 | Zig:1    | Entered Level 1 of a ziggurat
125964 | Zig:2    | Entered Level 2 of a ziggurat
125979 | Zig:2    | Got the Incunabulum of Weightlessness
126043 | Zig:3    | Entered Level 3 of a ziggurat
126062 | Zig:3    | Got the Collected Works on Conjuration and Displacement
126063 | Zig:3    | Identified the ring of Understanding {rElec rC+ rCorr MP-9
                  | Dex+3}
126132 | Zig:4    | Entered Level 4 of a ziggurat
126148 | Zig:4    | Reached XP level 27. HP: 205/221 MP: 47/47
126158 | Zig:4    | Learned a level 8 spell: Necromutation
126161 | Zig:4    | Identified the +6 broad axe "Douruug" {vorpal, rElec Int+4}
126191 | Zig:5    | Entered Level 5 of a ziggurat
126214 | Zig:5    | Identified the +8 battleaxe "Fomne" {vorpal, rN++ Stlth+}
126236 | Zig:6    | Entered Level 6 of a ziggurat
126272 | Zig:6    | Identified the +7 glaive of Might {vorpal, rCorr Str-3
                  | Int+2}
126404 | Zig:7    | Entered Level 7 of a ziggurat
126546 | Zig:8    | Entered Level 8 of a ziggurat
126561 | Zig:8    | Got the Grimoire of Attacks
126606 | Zig:9    | Entered Level 9 of a ziggurat
126783 | Zig:10   | Entered Level 10 of a ziggurat
126812 | Zig:10   | Identified the +2 robe of Hadjma {Str+2}
126844 | Zig:11   | Entered Level 11 of a ziggurat
126854 | Zig:11   | Reached skill level 15 in Necromancy
126869 | Zig:11   | Identified the +5 morningstar "Konadgh" {speed, rElec rC+
                  | Int+3 Stlth+}
126941 | Zig:12   | Entered Level 12 of a ziggurat
126994 | Zig:12   | Identified the ring of Greater Demons {rF+ rC+ Will- Str+5
                  | Dex+2}
126998 | Zig:12   | Got the Collected Works on the Mountains
126999 | Zig:12   | Identified the amulet "Imetzeps" {Acrobat Will- Dex+4 SInv}
127108 | Zig:12   | Learned a level 8 spell: Infestation
127109 | Zig:13   | Entered Level 13 of a ziggurat
127121 | Zig:13   | Noticed Saamaqamno the pandemonium lord
127125 | Zig:14   | Entered Level 14 of a ziggurat
127145 | Zig:14   | Reached skill level 15 in Spellcasting
127171 | Zig:14   | Identified the +2 hand crossbow of the Stork {vorpal,
                  | *Corrode Str+3 Dex+5}
127174 | Zig:14   | Identified the +5 great sword "Ydaufece" {venom, Fragile
                  | rF+ rN+++ Will-}
127175 | Zig:14   | Identified the +1 leather armour of Facwum {*Corrode rF+
                  | Int+2}
127176 | Zig:14   | Identified the +4 whip "Nipsaaw" {holy, rN+ MP+9}
127330 | Zig:15   | Entered Level 15 of a ziggurat
127339 | Zig:15   | Noticed a juggernaut
127340 | Zig:15   | Noticed a juggernaut
127341 | Zig:15   | Noticed a juggernaut
127341 | Zig:15   | Found the +5 sword of Power {vorpal}
127343 | Zig:15   | Killed a juggernaut
127344 | Zig:15   | Killed a juggernaut
127345 | Zig:15   | Killed a juggernaut
127351 | Zig:15   | Identified the +0 helmet of the Dozen Yaks {rC++ Int-3
                  | Slay+3 SInv}
127402 | Zig:16   | Entered Level 16 of a ziggurat
127415 | Zig:16   | Reached skill level 15 in Transmutations
127431 | Zig:16   | Identified the +8 lajatang of Resourcefulness {vorpal,
                  | Will- rCorr Dex+5}
127433 | Zig:16   | Identified the +5 chain mail of Veyshexe {Will+ rCorr
                  | Stlth+}
127525 | Zig:17   | Entered Level 17 of a ziggurat
127597 | Zig:17   | Identified the +0 buckler of the Evening {Rampage rElec
                  | Str-2 SInv}
127604 | Zig:17   | Identified the +5 quarterstaff of the Known World {venom,
                  | rElec rF+ Will+}
127654 | Zig:18   | Entered Level 18 of a ziggurat
127695 | Zig:18   | Identified the +7 hunting sling "Biwnefie" {vorpal, rF++
                  | Str+4}
127756 | Zig:19   | Entered Level 19 of a ziggurat
127769 | Zig:19   | Noticed Hafi the pandemonium lord
127770 | Zig:19   | Found the +8 whip "Snakebite" {venom, curare, rPois}
127772 | Zig:19   | Identified the +2 dagger of Ifopleis {holy, rF+++ rC-}
128257 | Pan      | Entered Pandemonium
128703 | Pan      | Found an exit through the horrors of the Abyss.
128971 | Pan      | Noticed Veunnoa the pandemonium lord
129407 | Pan      | Killed Veunnoa the pandemonium lord
129666 | Depths:2 | Escaped Pandemonium
129855 | Zot:5    | Entered Level 5 of the Realm of Zot
130409 | Zot:5    | Noticed an ancient lich
130410 | Zot:5    | Noticed a dread lich
130417 | Zot:5    | Killed an ancient lich
130419 | Zot:5    | Noticed an orb of fire
130421 | Zot:5    | Noticed an orb of fire
130424 | Zot:5    | Killed a dread lich
130425 | Zot:5    | Killed an orb of fire
130541 | Zot:5    | Killed an orb of fire
130594 | Zot:5    | Noticed a dread lich
130598 | Zot:5    | Noticed an orb of fire
130601 | Zot:5    | Killed a dread lich
130628 | Zot:5    | Gained mutation: Potions are less effective at restoring
                  | your health. [mutagenic glow]
130812 | Zot:5    | Killed an orb of fire
130818 | Zot:5    | Noticed a dread lich
130906 | Zot:5    | Noticed an ancient lich
130911 | Zot:5    | Killed an ancient lich
131082 | Zot:5    | Noticed an orb of fire
131088 | Zot:5    | Killed an orb of fire
131117 | Zot:5    | Noticed an orb of fire
131121 | Zot:5    | Killed an orb of fire
131214 | Zot:5    | Noticed an orb of fire
131226 | Zot:5    | Killed an orb of fire
131246 | Zot:5    | Noticed an orb of fire
131340 | Zot:4    | Killed a dread lich
131381 | Zot:5    | Killed an orb of fire
131384 | Zot:5    | Noticed a dread lich
131407 | Zot:5    | Killed a dread lich
131459 | Zot:5    | Noticed an orb of fire
131464 | Zot:5    | Killed an orb of fire
131535 | Zot:5    | Noticed an orb of fire
131541 | Zot:5    | Killed an orb of fire
132024 | Pan      | Entered Pandemonium
132196 | Pan      | Found an exit through the horrors of the Abyss.
132231 | Pan      | Noticed Lotto the pandemonium lord
132237 | Pan      | Entered the realm of Cerebov.
132392 | Pan      | Identified the +5 flail "Cyelainn" {speed, Drain rC+ rCorr}
132397 | Pan      | Found the +6 sword of Cerebov {flame}
132397 | Pan      | Noticed Cerebov
132551 | Pan      | Identified the +6 bardiche "Wuzurch" {antimagic, rElec rN+}
132554 | Pan      | Identified the +12 great sword of Foolhardiness {venom,
                  | rN+}
132569 | Pan      | Killed Cerebov
132585 | Pan      | Got a fiery rune of Zot
132626 | Pan      | Identified the +2 spear of Giex {venom, rPois rF+ rN+
                  | Stlth+}
132628 | Pan      | Identified the +3 scale mail "Ucuarab" {rC+ Regen+ Int+3}
132692 | Pan      | Identified the ring "Sock" {Wiz Int+4 SInv}
132698 | Pan      | Identified the amulet of Qazlal's Condemnation {Acrobat
                  | rPois Regen+}
132714 | Pan      | Learned a level 9 spell: Fire Storm
132945 | Pan      | Learned a level 8 spell: Lehudib's Crystal Spear
132983 | Pan      | Found an exit through the horrors of the Abyss.
133009 | Pan      | Noticed Nodeq the pandemonium lord
133021 | Pan      | Killed Nodeq the pandemonium lord
133127 | Pan      | Got a demonic rune of Zot
133149 | Pan      | Entered the realm of Gloorx Vloq.
133273 | Pan      | Noticed Gloorx Vloq
133278 | Pan      | Killed Gloorx Vloq
133389 | Pan      | Got a dark rune of Zot
133480 | Pan      | Entered the realm of Mnoleg.
133485 | Pan      | Identified the +0 scale mail of Focus {Int+2}
133490 | Pan      | Noticed Mnoleg
133500 | Pan      | Killed Mnoleg
133503 | Pan      | Reached skill level 15 in Fighting
133515 | Pan      | Noticed Mennas
133527 | Pan      | Killed Mennas
133527 | Pan      | Gained mutation: You have large cloven feet. [a shining
                  | eye]
133690 | Pan      | Identified the +1 scale mail of the Hart {rC+ Str+3 Int+2}
133950 | Pan      | Identified the ring of the Albatross {rElec Will+ rCorr}
133978 | Pan      | Got a glowing rune of Zot
134174 | Pan      | Entered the realm of Lom Lobon.
134347 | Pan      | Noticed Lom Lobon
134359 | Pan      | Killed Lom Lobon
134383 | Pan      | Got a magical rune of Zot
135060 | Pan      | Noticed Veduzes the pandemonium lord
135071 | Pan      | Killed Veduzes the pandemonium lord
135243 | Pan      | Lost mutation: You have large cloven feet. [potion of
                  | mutation]
135243 | Pan      | Lost mutation: Potions are less effective at restoring your
                  | health. [potion of mutation]
135243 | Pan      | Gained mutation: You have a pair of small horns on your
                  | head. [potion of mutation]
135243 | Pan      | Gained mutation: You are strong-willed. (Will+) [potion of
                  | mutation]
135243 | Pan      | Gained mutation: Your muscles are strong. (Str +2) [potion
                  | of mutation]
135244 | Pan      | Lost mutation: You are strong-willed. (Will+) [potion of
                  | mutation]
135244 | Pan      | Lost mutation: You have a pair of small horns on your head.
                  | [potion of mutation]
135244 | Pan      | Lost mutation: Your muscles are strong. (Str +2) [potion of
                  | mutation]
135244 | Pan      | Gained mutation: You have hidden genetic defects. [potion
                  | of mutation]
135244 | Pan      | Gained mutation: You expend magic power (3 MP) to
                  | strengthen your wands. [potion of mutation]
135245 | Pan      | Lost mutation: You have hidden genetic defects. [potion of
                  | mutation]
135245 | Pan      | Lost mutation: You expend magic power (3 MP) to strengthen
                  | your wands. [potion of mutation]
135245 | Pan      | Gained mutation: Potions are less effective at restoring
                  | your health. [potion of mutation]
135245 | Pan      | Lost mutation: Potions are less effective at restoring your
                  | health. [potion of mutation]
135245 | Pan      | Gained mutation: You expend magic power (3 MP) to
                  | strengthen your wands. [potion of mutation]
135245 | Pan      | Gained mutation: You have a considerably increased
                  | reservoir of magic. (+20% MP) [potion of mutation]
135261 | Pan      | Found an exit through the horrors of the Abyss.
135277 | Pan      | Took an exit into the Abyss.
135277 | Abyss:1  | Escaped into the Abyss
135308 | Depths:3 | Escaped the Abyss
135346 | Hell     | Entered the Vestibule of Hell
135373 | Hell     | Noticed Geryon
135490 | Hell     | Killed Geryon
135521 | Hell     | Found a gateway to the freezing wastes of Cocytus.
135583 | Hell     | Found a gateway to the ashen valley of Gehenna.
135669 | Hell     | Found a gateway to the Iron City of Dis.
135761 | Hell     | Found a gateway to the decaying netherworld of Tartarus.
136465 | Coc:1    | Entered Level 1 of Cocytus
137227 | Coc:4    | Paralysed by a wendigo for 1 turns
137886 | Coc:6    | Paralysed by a wendigo for 1 turns
137909 | Coc:7    | Entered Level 7 of Cocytus
137940 | Coc:7    | Paralysed by a wendigo for 1 turns
138029 | Coc:7    | Paralysed by a wendigo for 1 turns
138163 | Coc:7    | Reached skill level 10 in Air Magic
138214 | Coc:7    | Noticed the Serpent of Hell
138224 | Coc:7    | Paralysed by a wendigo for 1 turns
138226 | Coc:7    | Killed the Serpent of Hell
138286 | Coc:7    | Noticed Antaeus
138307 | Coc:7    | Paralysed by a wendigo for 1 turns
138310 | Coc:7    | Paralysed by a wendigo for 1 turns
138318 | Coc:7    | Killed Antaeus
138378 | Coc:7    | Got an icy rune of Zot
139005 | Tomb:1   | Entered Level 1 of the Tomb of the Ancients
139037 | Tomb:1   | Identified the ring of Ixkon {Will+ MP-9 Dex+8 SInv Stlth+}
139165 | Tomb:1   | Reached skill level 5 in Throwing
139409 | Tomb:1   | Reached skill level 10 in Throwing
140250 | Tomb:1   | Reached skill level 15 in Throwing
140497 | Tomb:3   | Entered Level 3 of the Tomb of the Ancients
140512 | Tomb:3   | Identified the +8 plate armour "Gookabb" {Will- Dex+6}
140514 | Tomb:3   | HP: 1/239 [death scarab[a royal mummy] (18)]
140515 | Tomb:3   | Noticed Khufu
140515 | Tomb:3   | Mangled by a death scarab

Illustrated notes

Levels and vault maps discovered:
D:1:      ldierk_walled_garden, layout_loops_ring, basic_ecumenical_altar,
          minmay_misc_feat_more_columns, dk_noncrumbling_2, feat_on_display
D:2:      layout_loops_cross, serial_aquarium, aquarium_bridge_square
          [aquarium_subvault_wall, aquarium_subvault_bridge,
          aquarium_subvault_window, aquarium_subvault_window],
          aquarium_window_1, aquarium_window_fake, aquarium_window_2,
          aquarium_window_corner, aquarium_view_2d, aquarium_view_2d,
          aquarium_pool_1, hangedman_decor_points, eino_tiny_chamber
D:3:      layout_basic
D:4:      layout_rooms, mainiacjoe_overflow_paths
D:5:      layout_basic, general_overflow_altar, minmay_temple_entry_statues,
          minmay_misc_feat_square, minmay_fractal_squares_diagonal_5,
          uniq_pikel, uniq_menkaure, uniq_crazy_yiuf_cottage
D:6:      layout_layer_cave, uniq_grinder
D:7:      layout_loops_ring, grunt_dithmenos_smoke, serial_shops, shop
D:8:      layout_basic, vehumet_crystals, tgw_kikubaaqudgha,
          nicolae_gozag_seed_capital, nicolae_fountain_basement, uniq_harold,
          uniq_joseph, uniq_grum
D:9:      layout_stronghold, uniq_erica
D:10:     layout_basic, orc_david_3, kennysheep_flooded_box,
          hangedman_abyss_or_decor_stagger, uniq_erolcha
D:11:     layout_cave_pools, erik_lair_orcish_takeover, guppyfry_shop_earth
D:12:     layout_cave_pools
D:13:     nzn_winding_woodlands_medium [nzn_winding_woodlands_5x5_three,
          nzn_winding_woodlands_5x15_pathside_ponds,
          nzn_winding_woodlands_5x5_closed_star,
          nzn_winding_woodlands_5x5_cross,
          nzn_winding_woodlands_center_diamonds,
          nzn_winding_woodlands_5x5_checkerboard,
          nzn_winding_woodlands_5x5_default, nzn_winding_woodlands_5x15_pockets,
          nzn_winding_woodlands_5x5_default], layout_rooms,
          lightli_vaults_fourway_checkpoint, serial_co_window_serial,
          co_window_cross_1, co_window_corner_a, co_window_of_opportunity_a,
          co_window_corner_a, co_window_cross_1, co_window_of_opportunity_a,
          co_window_paths_a, co_window_broadway_a, co_window_corner_ca,
          co_window_2corner, co_window_corner_ca, co_window_corner_b,
          glass_columns_a, glass_columns_b
D:14:     layout_big_octagon, infiniplex_staircase_squiggle
D:15:     grunt_enter_depths_snipers, layout_basic, serial_bayou_ford_a
Lair:1:   layout_cave_pods, grunt_megastairs_2, lemuel_fruit_fields
Lair:2:   layout_big_grid
Lair:3:   layout_hall_layers, st_stairs_12
Lair:4:   layout_regular_city, minmay_shoals_entry_hut, spider_nest_entry_a,
          nicolae_lair_grazing_beasts [nicolae_sub_lair_graze_edge,
          nicolae_sub_lair_graze_edge, nicolae_sub_lair_graze_edge,
          nicolae_sub_lair_graze_edge], uniq_nessos
Lair:5:   layout_layer_cave, grunt_megastairs_4, uniq_urug, uniq_sonja
Lair:6:   cheibrodos_lair_end_hotspot, layout_long_grid,
          minmay_slime_entry_pillars, basic_altar, minivault_27
Shoals:1: layout_shoals, nicolae_shoals_wave_tunnel, uniq_jorgrun
Shoals:2: layout_shoals, nicolae_shoals_lost_giant_amphitheater
Shoals:3: layout_shoals, hellmonk_ghost_happy_afterlife, argonaut_gorgonesque,
          uniq_ilsuiw
Shoals:4: shoals_end_grunt_garden, layout_shoals, nicolae_shoals_aquamancer_cove
Spider:1: nicolae_spider_hilbert_zone_4 [nicolae_spider_hilbert_4_sides_2_open,
          nicolae_spider_hilbert_4_sides_1_open,
          nicolae_spider_hilbert_4_sides_1_open,
          nicolae_spider_hilbert_4_sides_1_open,
          nicolae_spider_hilbert_4_sides_1_open,
          nicolae_spider_hilbert_2_sides_1_open,
          nicolae_spider_hilbert_2_sides_1_open,
          nicolae_spider_hilbert_2_sides_1_open,
          nicolae_spider_hilbert_2_sides_1_open,
          nicolae_spider_hilbert_6_sides_1_open,
          nicolae_spider_hilbert_6_sides_1_open,
          nicolae_spider_hilbert_3_sides_1_open,
          nicolae_spider_hilbert_3_sides_1_open]
Spider:2: layout_spider_delve, uniq_arachne
Spider:3: layout_cave_pods, nzn_ghost_randoct
Spider:4: spider_rune_water, uniq_bai_suzhen, uniq_asterion
Slime:1:  layout_caves, cheibrodos_slime_lost_civilization_4
Slime:2:  layout_caves
Slime:3:  layout_caves
Slime:4:  layout_caves, uniq_dissolution
Slime:5
Orc:1:    lemuel_ogre_cave, layout_diamond_mine
Orc:2:    st_orc_town, layout_caves, serial_shops, nicolae_shop_behind_doors,
          portal_ice_cave_entry_ice_simulacra, uniq_snorg
Elf:1:    elf_arrival_002, layout_rooms, portal_desolation_entry_garden,
          minivault_28, elves_outpost_lemuel, uniq_aizul, uniq_donald
Elf:2:    nicolae_elf_blades_crystal_corner, layout_onion_city, serial_shops,
          freezing_bzr, lightli_enter_wizlab_magi_temple,
          serial_sigils_hangedman_snap
Elf:3:    minmay_elf_hall_x, layout_gridlike, serial_shops, shop,
          serial_co_window_serial, co_window_paths_a,
          co_window_of_opportunity_a, co_window_of_opportunity_a,
          co_window_corner_a, co_window_corner_a, co_window_paths_a,
          co_window_2corner, co_window_cross_4, co_window_broadway_b,
          co_window_broadway_c, glass_columns_b, glass_columns_a,
          glass_columns_b, glass_columns_a
Vaults:1: hangedman_vaults_restitches, grunt_vaults_twisty,
          ontoclasm_vaults_loading_screen, grunt_vaults_diagonal,
          hangedman_vaults_stagger, vaults_room_corners, v_alt_pattern_4,
          nicolae_vaults_network_s, v_pattern_3, v_misc_13,
          nicolae_vaults_rhombus_6, vaults_room_pool, layout_vaults_omnibox,
          serial_shops, nicolae_diamond_shop
Vaults:2: gammafunk_ghost_cemetery, dpeg_vaults_monster_box,
          grunt_vaults_trifunnel, ontoclasm_vaults_ligature,
          hangedman_vaults_corner, v_misc_28, ontoclasm_vaults_spin,
          layout_vaults_quadrants
Vaults:3: vaults_mumra_chevron, v_misc_11, hangedman_vaults_restitches,
          ontoclasm_vaults_loading_screen, minmay_crypt_entry_simple_walls,
          nicolae_vaults_little_squares_4, nicolae_vaults_circle_grid_b,
          vaults_room_semicircle, hangedman_vaults_pinch, v_misc_1,
          nicolae_vaults_little_squares_4, nicolae_vaults_border_crossing,
          v_misc_15, vaults_room_corners, v_misc_24, layout_vaults_ring
Vaults:4: nicolae_vaults_theta, v_misc_5, vaults_room_guarded_vault, v_misc_8,
          nicolae_vaults_windows_and_doors_thing,
          nicolae_vaults_little_squares_6, layout_vaults_chaotic_city,
          uniq_boris
Vaults:5
Crypt:1:  layout_chaotic_city, serial_co_window_serial, co_window_cross_1,
          co_window_paths_b, co_window_corner_a, co_window_of_opportunity_a,
          co_window_corner_a, co_window_broadway_b, co_window_broadway_b,
          co_window_unsneaky_path_b, co_window_paths_d, grunt_ministairs_8,
          minmay_guarded_unrand_vampires_tooth, uniq_margery, uniq_saint_roka
Crypt:2:  minmay_shadows, layout_catacombs, lemuel_upstairs_altar
Crypt:3:  cryptofortress_bobbens
Tomb:1
Tomb:2
Tomb:3:   uniq_khufu
Depths:1: layout_gridlike, enter_ziggurat_b, hellmouth_3,
          yredelemnul_forgotten_temple_becter
Depths:2: hangedman_screamer, layout_gridlike, pan_entry, grunt_mini_vestibule,
          pdpol_wu_jian_five_deadly_venoms, minivault_10, st_stairs_9
Depths:3: minmay_the_grid_octo_tiled_octocenter [minmay_the_grid_octo_checkered,
          minmay_the_grid_octo_77, minmay_the_grid_octo_empty,
          minmay_the_grid_octo_checkerflower,
          minmay_the_grid_octo_prize_single_spiral,
          minmay_the_grid_square_5x5_meh, minmay_the_grid_square_5x5_two_small,
          minmay_the_grid_square_5x5_seven, minmay_the_grid_square_5x5_percent],
          layout_cave_shapes, nicolae_hepliaklqana_hippocampus,
          nicolae_abyss_entry_one_way_or_another, hell_entry, pan_entry
Depths:4: grunt_x_marks_the_spot, layout_basic, serial_shops, shop, hell_entry,
          nrook_pool_corridor, abyss_entry_crystal, nicolae_fountain_basement
Hell
Coc:1:    layout_cocytus_delve
Coc:2:    layout_cocytus_water_paths
Coc:3:    layout_cocytus_water_paths
Coc:4:    nicolae_hells_demon_pit, layout_cocytus_delve,
          nicolae_hells_seeping_fissure
Coc:5:    nicolae_coc_on_the_berg
Coc:6:    layout_cocytus_delve
Coc:7:    coc_dpeg
Zot:1:    layout_onion_interference, zot_minivault_6
Zot:2:    layout_misc_corridors, hangedman_zot_gyre, lemuel_lich_library
Zot:3:    layout_onion, st_stairs_5, st_small_dragon_hoard_3
Zot:4:    layout_twisted_circle, drop_trap, grunt_ministairs_13,
          grunt_megastairs_3, lemuel_elevator
Zot:5:    layout_twisted_circle, hangedman_zot_decor_checkerboard

Skill      XL: |  1  2  3  4  5  6  7  8  9 10 11 12 13 14 15 16 17 18 19 20 21 22 23 24 25 26 27 |
---------------+----------------------------------------------------------------------------------+-----
Summonings     | 1 2 4 8 |  8.0
Conjurations   | 1 2 3 4 6 7 8 9 11 12 13 14 16 17 24 | 24.0
Fighting       | 2 4 5 6 7 8 9 10 11 12 13 18 | 18.2
Polearms       | 1 3 5 7 |  7.6
Air Magic      | 1 3 4 8 13 | 13.7
Poison Magic   | 1 3 4 |  4.0
Translocations | 3 |  3.0
Armour         | 2 4 6 7 8 9 10 11 12 13 14 | 14.1
Dodging        | 2 3 4 7 8 |  8.1
Stealth        | 3 4 |  4.0
Evocations     | 2 |  2.0
Spellcasting   | 3 6 7 8 10 13 14 15 | 15.4
Short Blades   | 3 6 |  6.2
Throwing       | 1 3 16 | 16.0
Earth Magic    | 4 5 6 7 9 10 13 | 13.0
Hexes          | 4 |  4.0
Fire Magic     | 8 9 10 11 12 14 15 16 17 18 21 22 24 | 24.0
Shields        | 7 8 9 10 11 13 14 15 | 15.0
Transmutations | 10 12 17 | 17.3
Necromancy     | 10 13 22 | 22.0
Axes           | |  0.5

Action                   |  1- 3 |  4- 6 |  7- 9 | 10-12 | 13-15 | 16-18 | 19-21 | 22-24 | 25-27 || total
-------------------------+-------+-------+-------+-------+-------+-------+-------+-------+-------++-------
Melee: Dagger            |    17 |       |       |       |       |       |       |       |       ||    17
       Punch             |     1 |     1 |     6 |    20 |    22 |       |       |       |       ||    50
       Spear             |    35 |    14 |   416 |   249 |       |       |       |       |       ||   714
       Long sword        |     3 |       |       |       |       |       |       |       |       ||     3
       Trident           |       |    56 |       |    55 |       |       |       |       |       ||   111
       Short sword       |       |       |       |   544 |       |       |       |       |       ||   544
       Whip              |       |       |       |     8 |       |       |       |       |       ||     8
       Quick blade       |       |       |       |   173 |   693 |       |       |       |       ||   866
       Rapier            |       |       |       |    22 |       |       |       |       |       ||    22
       War axe           |       |       |       |       |   188 |   192 |    13 |    24 |       ||   417
       Staff             |       |       |       |       |    14 |     3 |    98 |   319 |   200 ||   634
       Morningstar       |       |       |       |       |       |       |       |       |    49 ||    49
Throw: Dart              |       |       |     4 |    11 |    11 |     2 |       |       |     5 ||    33
       Javelin           |       |       |       |     3 |       |       |       |       |       ||     3
       Throwing net      |       |       |       |     1 |       |       |       |       |       ||     1
 Cast: Magic Dart        |   105 |    19 |   163 |   100 |     9 |       |       |       |       ||   396
       Call Imp          |    22 |    32 |    74 |    36 |       |       |       |       |       ||   164
       Blink             |     1 |       |     4 |     9 |     2 |       |     1 |     3 |     3 ||    23
       Mephitic Cloud    |       |       |    45 |   125 |   141 |    36 |    11 |       |       ||   358
       Confusing Touch   |       |       |       |    20 |     1 |       |       |       |       ||    21
       Fireball          |       |       |       |    42 |   420 |   356 |   148 |    96 |     3 ||  1065
       Sticky Flame      |       |       |       |       |    45 |    88 |    77 |    38 |     8 ||   256
       Summon Lightning  |       |       |       |       |    50 |    83 |    57 |    20 |     5 ||   215
       Starburst         |       |       |       |       |       |    32 |   367 |   129 |    88 ||   616
       Apportation       |       |       |       |       |       |     2 |       |       |     1 ||     3
       Iron Shot         |       |       |       |       |       |       |   121 |   151 |   440 ||   712
       Statue Form       |       |       |       |       |       |       |    11 |     3 |       ||    14
       Ignition          |       |       |       |       |       |       |       |    87 |   438 ||   525
       Sublimation of Bl |       |       |       |       |       |       |       |       |   336 ||   336
       Borgnjor's Vile C |       |       |       |       |       |       |       |       |    91 ||    91
       Swiftness         |       |       |       |       |       |       |       |       |    10 ||    10
       Infestation       |       |       |       |       |       |       |       |       |   243 ||   243
       Necromutation     |       |       |       |       |       |       |       |       |   164 ||   164
       Lehudib's Crystal |       |       |       |       |       |       |       |       |    89 ||    89
       Fire Storm        |       |       |       |       |       |       |       |       |    51 ||    51
 Abil: End Transformatio |       |       |       |       |       |       |       |     1 |    77 ||    78
Evoke: Wand              |       |       |     1 |    27 |    19 |     2 |     1 |     3 |     9 ||    62
       Lightning rod     |       |       |       |       |       |     6 |     8 |     4 |     6 ||    24
       Phantom mirror    |       |       |       |       |       |     2 |       |     1 |     5 ||     8
       Condenser vane    |       |       |       |       |       |       |       |     1 |     1 ||     2
  Use: Scroll            |       |       |    10 |    13 |    13 |    12 |    10 |     7 |    26 ||    91
       Potion            |       |       |       |    10 |     1 |    10 |    11 |     2 |    27 ||    61
 Stab: Sleeping          |     2 |     2 |     1 |     1 |       |       |       |       |       ||     6
       Distracted        |       |     1 |     1 |     2 |     2 |     4 |       |       |     2 ||    12
       Confused          |       |       |    30 |    99 |   103 |     7 |       |       |       ||   239
Armor: Leather armour    |    35 |    14 |    68 |    15 |    72 |       |       |       |       ||   204
       Robe              |       |       |       |   226 |       |       |       |       |       ||   226
       Pearl dragon scal |       |       |       |       |   222 |   218 |   267 |   435 |   681 ||  1823
       Troll leather arm |       |       |       |       |       |     6 |       |       |       ||     6
       Storm dragon scal |       |       |       |       |       |     5 |     3 |       |       ||     8
       Skin              |       |       |       |       |       |       |    27 |     4 |       ||    31
       Scale mail        |       |       |       |       |       |       |       |       |   241 ||   241
Dodge: Dodged            |    56 |    30 |   143 |   458 |   311 |   165 |   199 |   243 |   595 ||  2200
Block: Other             |       |    19 |    69 |   193 |   106 |       |       |       |       ||   387
       Reflection        |       |       |     1 |     5 |    28 |    90 |    36 |    57 |     9 ||   226
       Kite shield       |       |       |       |       |   212 |   463 |   601 |   773 |   120 ||  2169
       Tower shield      |       |       |       |       |       |    42 |       |       |       ||    42
       Buckler           |       |       |       |       |       |       |       |       |   767 ||   767
